Map: [ESL] Oceanborn

Players

Cham

  • Race: Zerg Zerg
  • League: Master
  • Spawn Location: 5:00

trigger - Winner!

  • Race: Protoss Protoss
  • League: Grandmaster
  • Spawn Location: 11:00

Event: IEM Katowice 2024

VOD

Have the link to the VOD?

Description

Time

  • Played on: Dec. 10, 2023, 9:49 p.m.
  • Length: 11:52

All games in this series

Show
View Real Time Build Order
Export as new Build Order

Cham Zerg 

Build Orders: Hatch First 

Get SALT Encoding   

  12  0:00  Drone  
  13  0:12  Overlord  
  13  0:18  Drone  
  14  0:31  Drone x2  
  16  0:49  Hatchery  
  15  0:51  Drone  
  15  0:55  Drone  
  17  1:09  Spawning Pool  
  16  1:12  Drone  
  16  1:15  Extractor  
  16  1:17  Drone  
  17  1:20  Drone  
  18  1:28  Drone  
  19  1:41  Drone  
  20  1:53  Drone  
  21  2:00  Queen x2  
  25  2:01  Zergling x4  
  27  2:11  Overlord  
  27  2:12  Drone  
  28  2:16  Metabolic Boost  
  28  2:36  Hatchery  
  27  2:42  Queen  
  27  2:44  Drone x2  
  30  2:48  Overlord  
  30  2:52  Drone  
  30  2:56  Drone  
  32  3:01  Zergling x2  
  32  3:03  Queen  
  35  3:09  Zergling x2  
  37  3:12  Drone  
  37  3:14  Drone x3  
  37  3:17  Overlord  
  40  3:22  Drone  
  41  3:27  Drone  
  41  3:28  Drone  
  41  3:33  Overlord  
  43  3:34  Queen  
  43  3:37  Drone  
  43  3:38  Drone  
  47  3:46  Drone x2  
  47  3:48  Drone  
  50  3:50  Overlord  
  50  3:52  Overlord  
  50  3:57  Drone x4  
  50  3:58  Drone  
  50  4:00  Spore Crawler  
  54  4:07  Spore Crawler  
  53  4:10  Queen  
  53  4:11  Drone x2  
  53  4:13  Zergling x2  
  53  4:15  Drone  
  59  4:17  Drone  
  59  4:18  Drone  
  59  4:19  Drone  
  62  4:26  Drone x5  
  62  4:29  Overlord  
  66  4:33  Drone  
  66  4:37  Drone x2  
  68  4:41  Overlord  
  68  4:45  Drone, Evolution Chamber  
  68  4:46  Overlord  
  68  4:49  Overlord  
  68  4:50  Drone x2  
  68  4:52  Overlord  
  70  4:55  Drone x3  
  73  5:00  Extractor  
  72  5:09  Roach Warren  
  72  5:10  Drone  
  72  5:12  Spore Crawler  
  71  5:14  Hatchery  
  71  5:15  Zerg Melee Weapons Level 1  
  69  5:24  Zergling x2  
  69  5:25  Zergling x10  
  69  5:28  Lair  
  75  5:29  Drone  
  75  5:30  Drone  
  75  5:32  Zergling x2  
  75  5:33  Zergling x2  
  75  5:34  Zergling x2  
  75  5:35  Zergling x4  
  82  5:38  Zergling x4  
  82  5:40  Zergling x4  
  82  5:42  Drone, Hatchery  
  84  5:44  Zergling x2  
  84  5:48  Zergling x4  
  84  5:49  Overlord  
  87  5:52  Overlord  
  87  5:54  Overlord  
  87  5:58  Overlord  
  87  6:01  Overlord  
  87  6:07  Overlord  
  87  6:10  Roach x2  
  87  6:11  Roach x3  
  96  6:16  Overlord  
  96  6:18  Overlord  
  96  6:20  Roach x4  
  104  6:25  Extractor  
  104  6:26  Extractor x2  
  104  6:27  Extractor, Drone x5  
  103  6:41  Spire  
  103  6:42  Drone  
  103  6:43  Drone x6  
  108  6:51  Drone  
  108  6:52  Drone x3  
  108  6:53  Overlord  
  111  6:56  Overlord  
  111  7:01  Drone  
  111  7:02  Drone x2  
  111  7:03  Zergling x8  
  118  7:09  Overlord  
  118  7:11  Drone  
  118  7:14  Drone  
  120  7:15  Drone  
  120  7:18  Drone  
  120  7:20  Roach x2, Overlord  
  126  7:23  Drone  
  126  7:24  Overlord  
  125  7:39  Spore Crawler  
  125  7:40  Spore Crawler  
  121  7:44  Queen  
  123  7:53  Corruptor x8  
  123  7:58  Zerg Missile Weapons Level 1  
  139  8:03  Corruptor x2  
  143  8:07  Glial Reconstitution  
  143  8:08  Overlord x2  
  143  8:14  Overlord  
  142  8:21  Corruptor x2  
  142  8:34  Roach x6  
  148  8:35  Hatchery  
  147  8:42  Zerg Flyer Weapons Level 1  
  147  8:50  Roach  
  147  8:51  Roach x6  
  147  8:53  Roach x2  
  165  8:58  Baneling Nest  
  164  9:06  Drone x3  
  161  9:14  Drone x3  
  164  9:18  Drone x5  
  164  9:21  Roach  
  171  9:28  Overlord  
  171  9:29  Zergling x6  
  171  9:30  Zergling x2  
  175  9:33  Hatchery  
  175  9:37  Zergling x10  
  179  9:42  Zergling x2  
  179  9:43  Overlord  
  179  9:44  Zergling x4  
  182  9:52  Zergling x10, Centrifugal Hooks  
  186  10:03  Zergling x6  
  186  10:04  Zergling x10  
  194  10:13  Zergling x4  
  194  10:14  Zergling x10  
  199  10:27  Baneling x11  
  199  10:29  Baneling x5  
  199  10:30  Baneling x21  
  199  10:41  Baneling x19  
  199  10:44  Baneling  
  199  10:45  Baneling x6  
  183  11:07  Zergling x14  
  183  11:08  Zergling x6  
  183  11:10  Zergling x28  
  183  11:11  Zergling x2  
  132  11:16  Zergling x2, Roach x2  
  108  11:23  Roach x2  
  105  11:30  Roach x3  
  105  11:31  Roach  
Show
View Real Time Build Order
Export as new Build Order

trigger Protoss - Winner!

Build Orders: 1 Gate Expand, Oracle Opening 

Get SALT Encoding   

  12  0:00  Probe  
  13  0:12  Probe  
  14  0:19  Pylon  
  14  0:24  Probe  
  15  0:37  Probe (Chrono Boost)  
  15  0:39  Gateway  
  16  0:46  Probe (Chrono Boost)  
  17  0:51  Probe (Chrono Boost)  
  17  0:52  Assimilator  
  18  1:03  Probe  
  19  1:15  Probe  
  20  1:25  Nexus  
  20  1:37  Cybernetics Core  
  20  1:40  Probe  
  20  1:46  Assimilator  
  21  1:52  Probe  
  22  1:54  Pylon  
  22  2:04  Probe (Chrono Boost)  
  23  2:10  Adept (Chrono Boost)  
  26  2:17  Probe (Chrono Boost)  
  26  2:20  Stargate  
  26  2:22  Probe (Chrono Boost)  
  27  2:30  Warp Gate  
  27  2:33  Probe (Chrono Boost)  
  27  2:34  Adept  
  30  2:41  Probe (Chrono Boost)  
  32  2:49  Probe (Chrono Boost)  
  32  2:50  Probe (Chrono Boost)  
  33  2:56  Probe  
  34  3:00  Probe  
  39  3:07  Void Ray (Chrono Boost)  
  39  3:08  Probe  
  39  3:12  Probe  
  41  3:16  Pylon  
  41  3:18  Gateway  
  41  3:20  Gateway  
  41  3:22  Probe  
  41  3:24  Probe  
  43  3:34  Oracle (Chrono Boost), Probe  
  44  3:38  Probe  
  48  3:50  Nexus  
  48  3:51  Probe  
  48  3:53  Probe  
  50  3:56  Pylon  
  50  4:03  Probe  
  50  4:04  Assimilator  
  50  4:07  Assimilator, Probe  
  52  4:15  Probe  
  52  4:16  Shield Battery  
  53  4:18  Pylon  
  53  4:19  Probe  
  54  4:28  Fleet Beacon, Probe  
  55  4:33  Probe  
  56  4:40  Stargate, Probe  
  56  4:45  Probe  
  59  4:52  Probe (Chrono Boost)  
  59  4:53  Adept  
  59  4:57  Adept  
  64  5:01  Probe x2 (Chrono Boost)  
  66  5:09  Pylon  
  66  5:11  Probe (Chrono Boost)  
  66  5:12  Probe (Chrono Boost)  
  66  5:13  Probe (Chrono Boost)  
  68  5:18  Carrier (Chrono Boost), Probe  
  68  5:19  Probe  
  68  5:20  Carrier (Chrono Boost)  
  70  5:21  Probe  
  83  5:30  Probe, Pylon  
  83  5:31  Probe  
  85  5:37  Probe  
  86  5:43  Probe x2  
  86  5:46  Assimilator  
  86  5:47  Pylon  
  86  5:48  Twilight Council  
  86  5:49  Probe  
  89  5:50  Assimilator  
  89  5:53  Forge  
  89  5:55  Probe x2  
  91  5:57  Pylon  
  91  6:06  Zealot  
  91  6:09  Stalker  
  95  6:16  Carrier (Chrono Boost), Shield Battery, Probe x2  
  95  6:17  Probe  
  95  6:18  Shield Battery  
  104  6:21  Carrier (Chrono Boost)  
  110  6:31  Probe  
  111  6:34  Probe x2  
  111  6:35  Protoss Ground Weapons Level 1  
  113  6:40  Blink (Chrono Boost)  
  113  6:43  Probe  
  114  6:48  Gateway  
  114  6:50  Gateway  
  114  6:52  Gateway  
  114  6:55  Pylon  
  114  7:01  Gateway x2  
  114  7:07  Stalker  
  116  7:10  Pylon  
  116  7:14  Pylon  
  115  7:24  Nexus, Shield Battery  
  115  7:28  Gateway  
  115  7:30  Gateway  
  115  7:33  Gateway  
  115  7:35  Stalker x2  
  119  7:40  Probe  
  119  7:42  Pylon  
  120  7:45  Pylon  
  120  7:46  Templar Archives  
  120  7:47  Stalker x2  
  124  7:56  Gateway  
  124  7:59  Stalker x2  
  124  8:01  Pylon  
  128  8:08  Stalker  
  128  8:09  Stalker x2  
  128  8:11  Probe x2  
  136  8:13  Protoss Air Weapons Level 1, Shield Battery  
  136  8:15  Photon Cannon  
  136  8:17  Stalker  
  136  8:24  Zealot x3  
  130  8:30  Gateway  
  130  8:32  Psionic Storm  
  128  8:40  Probe x3  
  131  8:43  Stalker x4  
  131  8:44  Stalker  
  131  8:45  High Templar  
  143  8:48  High Templar x2  
  143  8:49  High Templar  
  143  8:52  Protoss Ground Weapons Level 2 (Chrono Boost)  
  143  8:53  Probe  
  144  8:59  Photon Cannon  
  144  9:00  Photon Cannon, Charge (Chrono Boost)  
  144  9:03  Photon Cannon  
  144  9:04  Stalker  
  146  9:13  Stalker x2  
  150  9:20  Assimilator  
  150  9:22  Assimilator  
  150  9:25  Shield Battery x2  
  150  9:27  Photon Cannon  
  150  9:29  Photon Cannon  
  150  9:32  Robotics Facility  
  150  9:36  High Templar x2  
  154  9:40  High Templar, Archon  
  156  9:50  Pylon  
  156  9:53  Pylon  
  156  10:00  Photon Cannon  
  156  10:02  Probe  
  156  10:03  Probe x3  
  156  10:06  Gateway  
  158  10:07  Gateway  
  158  10:08  Zealot x6  
  158  10:09  Zealot  
  172  10:15  Probe  
  173  10:25  High Templar x2  
  173  10:26  High Templar x2  
  173  10:27  Pylon x2  
  181  10:32  Archon x2  
  181  10:38  High Templar x4  
  181  10:42  Archon x2  
  186  10:51  Nexus  
  186  10:55  Pylon  
  156  11:12  Archon  
  156  11:13  Zealot x2, Archon  
  156  11:14  Zealot x9  
  156  11:15  Zealot x2  
  162  11:22  Warp Prism (Chrono Boost)  
  162  11:23  Shield Battery  
  164  11:26  Photon Cannon  
  164  11:27  Photon Cannon  
  164  11:29  Photon Cannon  
  164  11:31  Pylon  
  162  11:35  Zealot x7  
  162  11:36  Zealot x2  
  168  11:45  Zealot x2  
  168  11:46  Zealot x2  

Tags
 
Add a new tag
Caveats
  • Supply blocks, unpowered buildings, or Contaminate may cause inaccurate times.
  • Supply counts are checked every 10 seconds.